 Dungeon Crawl Stone Soup version 0.28-a0-1143-gcf6077d4cc (webtiles) character file.

Game seed: 9809974446257246903

79 lonewolfV2 the Poker (level 4, -10/35 (37) HPs)
             Began as a Minotaur Gladiator on Dec 13, 2021.
             Mangled by Crazy Yiuf (11 damage)
             ... while paralysed by Crazy Yiuf
             ... on level 2 of the Dungeon.
             The game lasted 00:06:05 (2638 turns).

lonewolfV2 the Poker (Minotaur Gladiator)           Turns: 2638, Time: 00:06:06

HP:   -10/35 (37)   AC:  4    Str: 21    XL:     4   Next: 17%
MP:   3/3           EV:  2    Int:  5    God:
Gold: 36            SH:  0    Dex: 11    Spells: 3/3 levels left

rFire   + . .      SeeInvis .   m - +3 club
rCold   . . .      Faith    .   (no shield)
rNeg    . . .      Spirit   .   n - +2 robe {rF+}
rPois   .          Reflect  .   c - +0 hat
rElec   .          Harm     .   (no cloak)
rCorr   .          Rampage  .   (no gloves)
Will    .....                   (no boots)
Stlth   +.........              (no amulet)
HPRegen 0.11/turn               (no ring)
MPRegen 0.08/turn               (no ring)

@: paralysed, drained
A: horns 2, retaliatory headbutt
a: no special abilities


You were on level 2 of the Dungeon.
You visited 1 branch of the dungeon, and saw 2 of its levels.

You collected 36 gold pieces.

Inventory:

Hand Weapons
 a - a +0 trident
 m - a +3 club (weapon)
Missiles
 d - 3 throwing nets (quivered)
Armour
 b - a +0 leather armour
 c - a +0 hat (worn)
 n - a +2 robe of fire resistance (worn)
Jewellery
 i - a ring of wizardry
Scrolls
 g - a scroll of immolation {unknown}
 h - 2 scrolls of teleportation {unknown}
 o - 2 scrolls of identify {unknown}
Potions
 e - a potion of flight {unknown}
 f - 3 potions of degeneration {unknown}
 j - 2 potions of heal wounds {unknown}
 k - 2 potions of resistance {unknown}
 l - a potion of haste {unknown}
 p - a potion of mutation {unknown}


   Skills:
 + Level 2.7 Fighting
 + Level 4.5 Polearms
 + Level 2.1 Throwing
 + Level 2.1 Armour
 + Level 4.0 Dodging
 + Level 0.4 Stealth


You had 3 spell levels left.
You didn't know any spells.
Your spell library contained the following spells:

 Spells                   Type           Power      Damage    Failure   Level
 Slow                     Hex            0%         N/A       47%         1
 Confusing Touch          Hex            0%         N/A       85%         3
 Vampiric Draining        Necr           0%         2d6       85%         3


Dungeon Overview and Level Annotations

Branches:
Dungeon (2/15)

Altars:

Shops:
D:1 =

Annotations:
D:2 Crazy Yiuf


Innate Abilities, Weirdness & Mutations

You have a pair of horns on your head.
You reflexively headbutt those who attack you in melee.


Message History

You hit the endoplasm.
The endoplasm is severely wounded.
The endoplasm hits you but does no damage.
You hit the endoplasm.
You kill the endoplasm!
Found a stone staircase leading up.
Found a flail.
A quokka comes into view.
A quokka is nearby!
A quokka is nearby!
Found a pink potion.
The quokka barely misses you. The quokka misses you. You furiously retaliate!
You headbutt the quokka. You sock the quokka!
You kill the quokka!
You see here a quokka corpse.
An endoplasm comes into view.
An endoplasm is nearby!
The helpless endoplasm fails to defend itself.
You hit the endoplasm.
You kill the endoplasm!
p - a pink potion;
f - 3 sapphire potions (gained 1)
You see here a +0 club.
Could not explore, unopened runed door.
You open the door.
Crazy Yiuf shouts!
There is an open translucent door here.
You closely miss Crazy Yiuf. Crazy Yiuf closely misses you.
You hit Crazy Yiuf.
Crazy Yiuf is lightly wounded.
Crazy Yiuf hits you with a +4 quarterstaff of chaos!
You feel drained.
You hit Crazy Yiuf.
Crazy Yiuf is lightly wounded.
Crazy Yiuf hits you with a +4 quarterstaff of chaos!
* * * LOW HITPOINT WARNING * * *
Crazy Yiuf hits you with a +4 quarterstaff of chaos!
* * * LOW HITPOINT WARNING * * *
You suddenly lose the ability to move!
Crazy Yiuf hits you with a +4 quarterstaff of chaos!
You die...

#.......#
#.......#######...)...
#.......#
#.....................
#.......#
###############.......
#.).....# #.......
#.......# #####
#####....... #.......#
#)..# #.......####
#.......# #...#
#######.# #.......#
#.g.# #)# #########
#@# #.# ♣.♣♣ #.# ♣♣.♣
#.# ♣.♣♣ #.# ♣♣.♣ #.#
♣♣.♣♣ #.# ♣♣...♣
#######.# ♣....♣
#.......# ##..##
#.#######


You could see Crazy Yiuf.

Vanquished Creatures
  Jessica (D:2)
  2 worms (D:2)
  A dart slug (D:1)
  3 ball pythons
  6 endoplasms
  4 giant cockroaches
  3 hobgoblins
  2 jackals (D:2)
  2 kobolds (D:1)
  5 quokkas
  2 bats (D:1)
  6 frilled lizards (D:1)
  4 rats
41 creatures vanquished.

Vanquished Creatures (others)
  A fungus (D:1)
1 creature vanquished.

Grand Total: 42 creatures vanquished

Notes
Turn   | Place    | Note
-------+----------+-------------------------------------------
     0 | D:1      | lonewolfV2 the Minotaur Gladiator began the quest for the
                  | Orb.
     0 | D:1      | Reached XP level 1. HP: 18/18 MP: 0/0
   129 | D:1      | Reached XP level 2. HP: 25/25 MP: 1/1
   478 | D:1      | Found Jock's Jewellery Shoppe.
  1331 | D:1      | Reached XP level 3. HP: 20/30 MP: 2/2
  1333 | D:1      | Found a faded altar of an unknown god.
  1675 | D:2      | Reached skill level 1 in Armour
  1740 | D:2      | Found a runed translucent door.
  1741 | D:2      | Noticed Crazy Yiuf
  2067 | D:2      | Noticed Jessica
  2077 | D:2      | Killed Jessica
  2078 | D:2      | Reached XP level 4. HP: 17/37 MP: 3/3
  2637 | D:2      | HP: 1/35 [Crazy Yiuf (7)]
  2637 | D:2      | Paralysed by Crazy Yiuf for 4 turns
  2638 | D:2      | Mangled by Crazy Yiuf

Illustrated notes

Levels and vault maps discovered:
D:1:      dpeg_arrival_brainrot, layout_rooms, serial_shops,
          nicolae_shop_hallway_stairs, shapermc_ecumenical_altar_hornbeckon,
          hangedman_decor_riveting, hangedman_decor_push
D:2:      layout_basic, kennysheep_jessica_study, uniq_crazy_yiuf_cottage

Skill      XL: |  1  2  3  4 |
---------------+-------------+-----
Polearms       | 4 |  4.5
Dodging        | 4 |  4.0
Armour         | 1 2 |  2.1
Fighting       | |  2.7
Throwing       | |  2.1
Stealth        | |  0.4

Action                   |  1- 3 |  4- 6 || total
-------------------------+-------+-------++-------
Melee: Trident           |    88 |       ||    88
       Headbutt          |    14 |     1 ||    15
       Club              |       |    15 ||    15
 Stab: Sleeping          |     1 |     1 ||     2
Armor: Leather armour    |    30 |       ||    30
       Robe              |       |     1 ||     1
Dodge: Dodged            |    62 |    12 ||    74

Table legend: (Time is in decaauts)
 A = Elapsed time spent in this place.
 B = Non-inter-level travel time spent in this place.
 C = Inter-level travel time spent in this place.
 D = Time resting spent in this place.
 E = Time spent auto-exploring this place.
 F = Levels seen in this place.
 G = Mean time per level.
                   A        B        C        D        E       F      G
               +--------+--------+--------+--------+--------+-----+--------+
         Total |   2654 |   2443 |    211 |    416 |   1543 |   2 | 1327.0 |
       Dungeon |   2654 |   2443 |    211 |    416 |   1543 |   2 | 1327.0 |
               +--------+--------+--------+--------+--------+-----+--------+

Top non-repeatable levels by time:
     D:1: 1522 daAuts
     D:2: 1132 daAuts
